[Event "EICC 2025"]
[Site "Eforie-Nord"]
[Date "2025.03.16"]
[Round "2.5"]
[White "Castellanos Rodriguez, Renier"]
[Black "Anton Guijarro, David"]
[Result "0-1"]
[Annotator "TA"]
[ECO "C54"]
[WhiteElo "2478"]
[BlackElo "2663"]
[PlyCount "146"]
[EventDate "2025.03.14"]
[EventType "swiss"]
[EventCountry "ROU"]
[SourceTitle "playchess.com"]
[Source "ChessBase"]
[SourceQuality "1"]
[TimeControl "40/5400+30:1800+30"]

1. e4 e5 2. Nf3 Nc6 3. Bc4 Bc5 4. d3 Nf6 5. O-O d6 6. c3 a5 {[%emt 0:00:46] C54: Giuoco Piano: 4 c3 Nf6, main lines with 5 d4 and 5 d3.} 7. Nbd2 O-O 8. h3 h6 {[%emt 0:00:43] The position is equal.} 9. Re1 Be6 10. Bb5 Nd7 11. Nf1 {[%emt 0:06:17] White wants to play d4.} d5 12. Ng3 dxe4 13. dxe4 Qf6 14. Qe2 Rfd8 15. Be3 Bxe3 16. Qxe3 a4 17. Bxc6 $146 (17. Red1 Nb6 18. Bxc6 Rxd1+ 19. Rxd1 bxc6 20. Qc5 Bxa2 21. Nxe5 Bb3 22. Rd4 {1-0 Zhigalko,S (2572)-Aradhya,G (2384) Titled Tuesday intern op 28th Nov Early blitz 2023 (3)}) 17... bxc6 18. b3 axb3 19. axb3 Bxb3 20. Rxa8 Rxa8 21. Rb1 Be6 22. Rb7 Qd8 23. Ra7 Rb8 24. Qc1 f6 25. Qa3 Nb6 26. Qa5 Qd6 (26... Nc8 $142 27. Ra8 (27. Rxc7 $2 Rb6 $19) 27... Rb1+ 28. Kh2 Rb2) 27. Nh4 Qd7 28. Nhf5 h5 29. Kh2 g6 30. Nh4 Kg7 31. Nf3 Qd6 32. Nf1 c5 33. Ne3 Rd8 34. c4 Rd7 35. Qb5 Rf7 36. Ra5 (36. Kg1 $11) 36... Qd3 $17 37. Qc6 Nxc4 38. Nxc4 Qxc4 39. Rxc5 Qb4 40. Nh4 (40. Rb5 $142 Qa4 41. Rc5 Qxc6 42. Rxc6) 40... Re7 41. Rc3 g5 42. Nf3 Bf7 43. h4 g4 {[%emt 0:00:30][%cal Of7e8] ...Be8! would now be deadly.} 44. Ng1 Qb6 (44... Re6 $17 45. Qc4 Qd6) 45. Ne2 Qxc6 (45... Bg6 {is more complex.} 46. Ng3 Qxf2 47. Rb3 Qa2) 46. Rxc6 {[%emt 0:00:08][%mdl 4096] Endgame KRB-KRN. Black is a pawn up.} Be8 47. Rc5 c6 48. Ng3 {[%emt 0:00:52] aiming for Nf5+.} Rc7 49. f3 gxf3 50. gxf3 Bg6 51. Kg2 $1 Kf7 52. Kf2 Ke6 53. Nf1 Kd6 54. Ra5 Bf7 55. Ng3 Bg6 56. Nf1 Rb7 57. Ne3 Bf7 58. Nf5+ Kd7 59. Kg3 Be6 60. Ne3 (60. Ng7 $11 {keeps the balance.}) 60... Kd6 61. Kf2 Rb2+ 62. Kg3 Re2 63. Ra3 Kc5 {[%emt 0:00:55] Black is more active.} (63... c5 $17 64. Ra6+ Kd7) 64. Rc3+ $2 {[%emt 0:01:46] [#] This costs White the game.} (64. Rd3 $1 $15) 64... Kb5 $1 $19 65. Rd3 (65. Nf5 $142) 65... c5 66. Nd5 $2 {[%emt 0:00:12] [#]} (66. Nd1 Kb4 67. Rd6) 66... c4 $1 67. Nc3+ Kb4 68. Rd6 Kxc3 69. Rxe6 Kd2 70. Rd6+ Ke3 {[%emt 0:00:23] ( -> ...c3)} 71. Rxf6 c3 {[%emt 0:00:42] Black mates.} 72. Rc6 c2 73. Kh3 Kd2 {[%emt 0:00:26] Weighted Error Value: White=0.13 (very precise) /Black=0.10 (very precise)   Loses game:     	White=1     	---        Mistake:       	White=5     	Black=3      Inaccurate:     	White=5     	Black=4      OK:         	White=20    	Black=16     Best:        	White=1     	Black=5      Strong:       	White=1     	Black=2} (73... Kxf3 $2 74. Rxc2 Re1 75. Rc3+ Kf4 (75... Kxe4 76. Rc8 $17) 76. Kg2 $19) 0-1

[Event "EICC 2025"]
[Site "Eforie-Nord"]
[Date "2025.03.16"]
[Round "2.6"]
[White "Navara, David"]
[Black "Haring, Filip"]
[Result "1-0"]
[Annotator "TA"]
[ECO "B42"]
[WhiteElo "2663"]
[BlackElo "2476"]
[PlyCount "79"]
[EventDate "2025.03.14"]
[EventType "swiss"]
[EventCountry "ROU"]
[SourceTitle "playchess.com"]
[Source "ChessBase"]
[SourceQuality "1"]
[TimeControl "40/5400+30:1800+30"]

1. e4 c5 2. Nf3 e6 3. d4 cxd4 4. Nxd4 a6 5. Bd3 Bc5 6. Nb3 Ba7 7. Qe2 Nc6 8. Be3 d6 9. Nc3 Nge7 10. f4 {[%emt 0:02:33] B42: Sicilian: Kan Variation: 5 Bd3.} b5 11. Bxa7 Rxa7 12. Qf2 {[%emt 0:00:07] White is slightly better.} O-O 13. O-O Rd7 14. a4 b4 15. Nb1 $146 ({Predecessor:} 15. Ne2 Na5 16. Nd2 Bb7 17. Kh1 Kh8 18. b3 e5 19. Rae1 Qc7 20. Qg3 Rdd8 21. Nf3 {½-½ Mamedov,R (2529)-Ramesh,R (2507) Moscow Aeroflot op-B 2006 (8)}) 15... Ng6 16. g3 Na5 17. Nxa5 Qxa5 18. Nd2 Bb7 19. Nc4 Qc7 20. Qb6 Rfd8 (20... Bxe4 $11 {remains equal.} 21. Bxe4 Qxc4) 21. Qxb4 {[%emt 0:10:32] White is more active.} (21. a5 $16) 21... d5 22. exd5 Rxd5 (22... Bxd5 $14 23. a5 Bb7) 23. Be4 ({White should play} 23. Qb6 $16 Qc8 24. Rfc1) 23... a5 (23... Rd4 $14 24. Qxb7 Qxc4) 24. Nxa5 $1 $16 Ba8 {[%emt 0:00:24] [#]} (24... Ba6 $16 25. Bxd5 Rxd5) 25. Nb3 $2 (25. Bxd5 $18 {and the rest is easy.} Rxd5 26. Nb3) 25... Qa7+ 26. Kh1 (26. Rf2 $16 Rd4 27. Nxd4 Rxd4 28. Qxd4 Qxd4 29. Bxa8) 26... h5 27. a5 h4 {[%emt 0:02:31][%cal Oh4g3] [#] Strongly threatening ...hxg3!.} 28. Qb6 Qd7 29. Kg1 (29. Nc5 Qc8 (29... Rxc5 30. Bxa8 Rxc2 31. Be4 $16) 30. Bxd5 Rxd5 $19) 29... h3 30. Qf2 $18 (30. Nc5 Rxc5 31. Qxc5 Bxe4 $17) 30... f5 (30... Rf5 $142) 31. Bh1 (31. Bxd5 $2 Qxd5 $19) 31... e5 32. fxe5 (32. Bxd5+ $2 Qxd5 $19) 32... Nxe5 33. Qxf5 (33. Bxd5+ $2 Qxd5 34. Qe2 Re8 $19 (34... Qh1+ $2 35. Kf2 $19)) 33... Qa7+ 34. Qf2 Qc7 $2 (34... Qd7 {keeps fighting.} 35. Nc5 (35. Bxd5+ $2 {perishes.} Qxd5 36. Qe2 Re8 $19) 35... Qc8) 35. Qb6 Qe7 36. Rae1 (36. Bxd5+ $142 Rxd5 37. Nd4) 36... R8d6 $2 (36... R5d6 37. Qb5 Re6) 37. Qb8+ {[%emt 0:00:47] White is clearly winning.} Kh7 38. Qxa8 Rd8 39. Qa6 R8d6 40. Be4+ {[%emt 0:00:25] Weighted Error Value: White=0.35/Black=0.70  Loses game:     	---       	Black=1      Missed win:     	White=1     	---        Mistake:       	White=4     	Black=8      Inaccurate:     	White=2     	Black=2      OK:         	White=10    	Black=9      Best:        	White=1     	---        Strong:       	White=1     	---} 1-0

[Event "EICC 2025"]
[Site "Eforie-Nord"]
[Date "2025.03.16"]
[Round "2.6"]
[White "Cieslak, Patryk"]
[Black "Engel, Luis"]
[Result "1-0"]
[Annotator "ChessBase"]
[ECO "B95"]
[WhiteElo "2411"]
[BlackElo "2555"]
[PlyCount "57"]
[EventDate "2025.03.14"]
[EventType "swiss"]
[EventCountry "ROU"]
[SourceTitle "playchess.com"]
[Source "ChessBase"]
[SourceQuality "1"]
[TimeControl "40/5400+30:1800+30"]

1. e4 c5 2. Nf3 d6 3. d4 cxd4 4. Nxd4 Nf6 5. Nc3 a6 6. Bg5 e6 7. Qf3 h6 8. Bd2 Qc7 9. O-O-O Nbd7 10. Qg3 b5 11. a3 Rb8 12. f3 b4 13. axb4 Rxb4 14. Nb3 Nc5 15. Nxc5 Qxc5 16. Bd3 Rb8 17. f4 Nd7 18. Kb1 g5 19. Be2 Bg7 20. e5 dxe5 21. fxg5 e4 22. Na4 Qc6 23. Bc3 Bxc3 24. Nxc3 Qb7 25. b3 hxg5 26. Rd4 Rh6 27. Nxe4 Kf8 28. Rxd7 Bxd7 29. Nc5 1-0

[Event "EICC 2025"]
[Site "Eforie-Nord"]
[Date "2025.03.16"]
[Round "2.7"]
[White "Moroni, Luca Jr"]
[Black "Willems, Niels"]
[Result "1/2-1/2"]
[Annotator "ChessBase"]
[ECO "E54"]
[WhiteElo "2555"]
[BlackElo "2406"]
[PlyCount "71"]
[EventDate "2025.03.14"]
[EventType "swiss"]
[EventCountry "ROU"]
[SourceTitle "playchess.com"]
[Source "ChessBase"]
[SourceQuality "1"]
[TimeControl "40/5400+30:1800+30"]

1. d4 Nf6 2. c4 e6 3. Nc3 Bb4 4. Nf3 O-O 5. e3 d5 6. Bd3 dxc4 7. Bxc4 c5 8. a3 Bxc3+ 9. bxc3 Qc7 10. Ba2 b6 11. O-O Bb7 12. h3 Nbd7 13. Bb2 cxd4 14. cxd4 Bd5 15. Bxd5 exd5 16. Rc1 Qb7 17. Ne5 Rfc8 18. Qa4 a6 19. Qb4 b5 20. a4 Nxe5 21. dxe5 Ne4 22. axb5 axb5 23. Rxc8+ Rxc8 24. Ra1 h6 25. Bd4 Rc4 26. Qa5 Qd7 27. f3 Ng5 28. Qd2 Qf5 29. Ra8+ Kh7 30. Ra2 b4 31. Rb2 Rc6 32. Qd1 b3 33. h4 Ne6 34. Rxb3 Nxd4 35. Qxd4 Rg6 36. e4 1/2-1/2

[Event "EICC 2025"]
[Site "Eforie-Nord"]
[Date "2025.03.16"]
[Round "2.7"]
[White "Ben Ari, Yannay"]
[Black "Wojtaszek, Radoslaw"]
[Result "1/2-1/2"]
[Annotator "TA"]
[ECO "A20"]
[WhiteElo "2474"]
[BlackElo "2659"]
[PlyCount "92"]
[EventDate "2025.03.14"]
[EventType "swiss"]
[EventCountry "ROU"]
[SourceTitle "playchess.com"]
[Source "ChessBase"]
[SourceQuality "1"]
[TimeControl "40/5400+30:1800+30"]

1. c4 e5 2. g3 Nf6 3. Bg2 h6 4. Nf3 e4 5. Nd4 Nc6 6. Nc2 {[%emt 0:00:06] A20: English Opening: 1...e5.} d5 7. cxd5 Qxd5 8. Nc3 {[%emt 0:00:27] White has an edge.} Qe6 9. d3 exd3 10. Qxd3 Bd7 $146 (10... Bd6 11. Nb5 O-O 12. Nxd6 Rd8 13. Bf4 Nh5 14. Be3 Rxd6 15. Qb5 Qg6 16. Nb4 Nd4 17. Bxd4 Rxd4 {½-½ Hammer,J (2621)-Vallejo Pons,F (2710) Moscow FIDE GP 2017 (6)}) 11. Qe3 (11. O-O $14) 11... O-O-O $11 12. Qxe6 Bxe6 13. Be3 (13. Bxc6 $11 bxc6 14. O-O) 13... Nd5 14. Nxd5 Bxd5 15. Bxd5 Rxd5 16. Rd1 Rxd1+ 17. Kxd1 Be7 18. Kc1 Bf6 19. h4 h5 20. Bg5 Be5 21. Rd1 Re8 22. e3 g6 23. Ne1 Bg7 24. Nf3 a5 25. Bf4 b6 26. Ng5 Re7 27. Kc2 Nb4+ 28. Kb1 f6 29. Nf3 f5 30. Ne1 Rd7 31. Rxd7 Kxd7 {[%emt 0:01:02][%mdl 4096] Endgame KBN-KBN} 32. a3 Nd5 {[%emt 0:00:41] Strongly threatening ...Nxf4.} 33. Nd3 Ke6 34. Kc2 a4 35. b3 {[%emt 0:00:53] The position is equal.} axb3+ 36. Kxb3 c6 37. a4 Bf6 38. Bb8 Bg7 39. Bf4 Bc3 40. Bg5 b5 41. Bd8 bxa4+ 42. Kxa4 Bg7 43. Kb3 Nc3 44. Nf4+ Kf7 45. Ba5 Ne4 46. Nd3 Bf6 {[%emt 0:02:51] Weighted Error Value: White=0.08 (flawless) /Black=0.06 (flawless)   Mistake:       	White=2     	---        Inaccurate:     	---       	Black=2      OK:         	White=12    	Black=13     Best:        	White=5     	Black=1} 1/2-1/2

[Event "EICC 2025"]
[Site "Eforie-Nord"]
[Date "2025.03.16"]
[Round "2.8"]
[White "Gledura, Benjamin"]
[Black "Davtyan, Artur"]
[Result "1-0"]
[Annotator "TA"]
[ECO "C65"]
[WhiteElo "2658"]
[BlackElo "2474"]
[PlyCount "105"]
[EventDate "2025.03.14"]
[EventType "swiss"]
[EventCountry "ROU"]
[SourceTitle "playchess.com"]
[Source "ChessBase"]
[SourceQuality "1"]
[TimeControl "40/5400+30:1800+30"]

1. e4 e5 2. Nf3 Nc6 3. Bb5 Nf6 4. d3 Bc5 5. Bxc6 dxc6 6. Nbd2 {[%emt 0:00:23] C65: Ruy Lopez: Berlin Defence (3...Nf6), unusual lines and 4 0-0 Bc5.} (6. Nxe5 $2 Qd4 7. Qe2 Qxe5 $19) 6... Nd7 7. Nc4 {[%emt 0:01:24][%cal Oe1g1] 7.0-0 deserves study.} f6 8. O-O {[%emt 0:00:42] The position is equal.} Nf8 9. Be3 Bxe3 10. Nxe3 Ne6 11. c3 c5 12. Qc2 O-O 13. Rad1 b6 14. Rd2 Qe8 $146 (14... Kh8 15. Rfd1 Qe8 16. d4 cxd4 17. cxd4 c5 18. dxc5 bxc5 19. Ne1 Qc6 20. b4 Rb8 21. bxc5 Qxc5 22. Qxc5 Nxc5 23. f3 {½-½ Doric,N (2442)-Asbjoernsson,A (2408) EU-chT12 sf1 email 2021}) 15. Rfd1 Bb7 16. d4 cxd4 17. cxd4 exd4 18. Nxd4 Nxd4 19. Rxd4 c5 20. Rd7 Bxe4 21. Qc4+ Kh8 22. Rc7 Rd8 {[%emt 0:11:49] Prevents Rdd7.} 23. Rxd8 Qxd8 24. Rxa7 Qd2 25. Nf1 Qd3 26. Qxd3 Bxd3 $11 {[%emt 0:00:01][%mdl 4096] Endgame KRB-KRN} 27. Ne3 Rd8 (27... Re8 $5) 28. Rb7 b5 29. Rc7 c4 30. a3 h6 31. h4 f5 32. Rc5 Re8 33. g3 (33. Rxb5 f4 (33... c3 34. Rb3 $15) 34. Nxc4 Bxc4 $19) 33... g5 34. hxg5 (34. Rxb5 f4 (34... c3 35. Rb3 $15) 35. gxf4 gxf4 36. Nxc4 Bxc4 $19) 34... hxg5 35. Kg2 Be4+ 36. f3 Bd3 37. Nxf5 Re2+ 38. Kh3 Rxb2 39. Kg4 Rb3 (39... Bxf5+ $1 $14 40. Kxf5 Kh7) 40. Nd4 $1 $16 (40. Kxg5 $6 Bxf5 41. Rxf5 Rxa3 $11) 40... Rxa3 41. Nxb5 (41. Kxg5 $6 b4 $11) 41... Ra5 42. Rxg5 (42. Kxg5 $6 c3 43. Rxc3 Rxb5+ 44. Kh6 Rb6+ 45. Kg5 Bb1 $11) 42... Ra4 {[%emt 0:00:00] ...c3+ is the strong threat.} 43. f4 $1 Be2+ (43... Ra1 $16 44. Rc5 Be2+ 45. Kf5 Bd3+ 46. Ke6 Kg7 47. Rg5+ Kf8) 44. Kh4 $18 Ra1 (44... Bf3 {keeps fighting.} 45. Rc5 Ra5) 45. Re5 $1 Bf3 46. f5 $1 {[%emt 0:00:00] Strongly threatening Nd4.} Ra5 $2 {[%emt 0:00:00] [#]} (46... Ra8 47. f6 Rg8) 47. Re8+ $1 Kg7 48. Nd4 Bd5 {[%emt 0:00:00] [#]} 49. Kg5 $1 Ra3 50. Re7+ Kf8 51. Rd7 Bf7 (51... Rxg3+ $2 {perishes.} 52. Kf6 Ke8 53. Rxd5) (51... Ra5 $18 52. Rc7 Ra3) 52. Kf6 Ra6+ 53. Ne6+ {[%emt 0:00:06] Weighted Error Value: White=0.06 (flawless) /Black=0.32  Mistake:       	---       	Black=5      Inaccurate:     	White=2     	Black=2      OK:         	White=19    	Black=19     Best:        	White=2     	Black=3      Strong:       	White=6     	---} 1-0

[Event "EICC 2025"]
[Site "Eforie-Nord"]
[Date "2025.03.16"]
[Round "2.8"]
[White "Ilinca, Felix-Antonio"]
[Black "Vogel, Roven"]
[Result "0-1"]
[Annotator "ChessBase"]
[ECO "B33"]
[WhiteElo "2408"]
[BlackElo "2552"]
[PlyCount "60"]
[EventDate "2025.03.14"]
[EventType "swiss"]
[EventCountry "ROU"]
[SourceTitle "playchess.com"]
[Source "ChessBase"]
[SourceQuality "1"]
[TimeControl "40/5400+30:1800+30"]

1. e4 c5 2. Nf3 e6 3. d4 cxd4 4. Nxd4 Nc6 5. a3 Qb6 6. Nb3 Nf6 7. Nc3 Qc7 8. f4 d6 9. g4 d5 10. e5 Nd7 11. Be3 a6 12. h4 b5 13. Qd2 Bb7 14. Rh3 b4 15. axb4 Bxb4 16. Nd4 O-O 17. O-O-O Nc5 18. Nxc6 Bxc6 19. Qd4 Rab8 20. Kb1 Bxc3 21. Qxc5 Bxb2 22. Ka2 Qb7 23. Bg1 Ba4 24. Rb1 Rfc8 25. Qb6 Rxc2 26. Rxb2 Rxb2+ 27. Kxb2 Qc7 28. Rb3 Rxb6 29. Rxb6 Qc2+ 30. Ka3 h5 0-1

[Event "EICC 2025"]
[Site "Eforie-Nord"]
[Date "2025.03.16"]
[Round "2.9"]
[White "Stefansson, Vignir Vatnar"]
[Black "Eren, Ataberk"]
[Result "1/2-1/2"]
[Annotator "ChessBase"]
[ECO "C11"]
[WhiteElo "2551"]
[BlackElo "2402"]
[PlyCount "120"]
[EventDate "2025.03.14"]
[EventType "swiss"]
[EventCountry "ROU"]
[SourceTitle "playchess.com"]
[Source "ChessBase"]
[SourceQuality "1"]
[TimeControl "40/5400+30:1800+30"]

1. e4 e6 2. d4 d5 3. Nc3 Nf6 4. e5 Nfd7 5. f4 c5 6. Nf3 Nc6 7. Be3 Be7 8. dxc5 Bxc5 9. Qd2 Qa5 10. Bxc5 Nxc5 11. Nb5 Qxd2+ 12. Kxd2 Ke7 13. Bd3 Bd7 14. Nbd4 h6 15. g4 Raf8 16. Rae1 Rc8 17. f5 h5 18. h3 Ne4+ 19. Ke3 hxg4 20. hxg4 Nxd4 21. Nxd4 Ng5 22. Kf4 Nh3+ 23. Kg3 Ng5 24. Rh4 Rxh4 25. Kxh4 f6 26. fxe6 Rh8+ 27. Kg3 Bxe6 28. Bf5 Bxf5 29. Nxf5+ Kf7 30. exf6 Kxf6 31. Ne3 Ne4+ 32. Kg2 Ke5 33. Rf1 Nd6 34. Re1 Ne4 35. Rd1 Rd8 36. c3 g6 37. Rd4 b5 38. Kf1 Nc5 39. Nc2 Rf8+ 40. Ke2 Ne4 41. Nb4 a5 42. Nd3+ Kd6 43. a4 Nc5 44. axb5 Re8+ 45. Kf3 Nxd3 46. Rxd3 Kc5 47. Rd4 Rb8 48. b4+ axb4 49. Rxb4 g5 50. Ke3 Rxb5 51. Rxb5+ Kxb5 52. Kd4 Kc6 53. c4 dxc4 54. Kxc4 Kd6 55. Kd4 Ke6 56. Ke4 Kf6 57. Kd5 Kf7 58. Ke5 Kg6 59. Ke6 Kg7 60. Kf5 Kf7 1/2-1/2

[Event "EICC 2025"]
[Site "Eforie-Nord"]
[Date "2025.03.16"]
[Round "2.9"]
[White "Gokerkan, Cem Kaan"]
[Black "Svane, Frederik"]
[Result "1/2-1/2"]
[Annotator "TA"]
[ECO "E73"]
[WhiteElo "2473"]
[BlackElo "2654"]
[PlyCount "109"]
[EventDate "2025.03.14"]
[EventType "swiss"]
[EventCountry "ROU"]
[SourceTitle "playchess.com"]
[Source "ChessBase"]
[SourceQuality "1"]
[TimeControl "40/5400+30:1800+30"]

1. d4 Nf6 2. c4 g6 3. Nc3 Bg7 4. e4 d6 5. Be2 O-O 6. Be3 a5 {[%emt 0:01:31] E73: King's Indian: Averbakh Variation without 6...c5.} 7. g4 a4 8. a3 $146 (8. Nxa4 Nxe4 9. g5 c5) (8. g5 Nfd7 9. Nxa4 c5 10. Nc3 Nc6 11. Nf3 e5 12. dxe5 dxe5 13. h4 Nd4 14. h5 {0-1 Galaviz Medina,S (2458)-Supi,L (2571) Abu Dhabi op-A 30th 2024 (6)}) 8... c5 9. g5 (9. d5 $11) 9... Nfd7 (9... Ng4 $1 $17 10. Rb1 (10. Bxg4 cxd4 11. Bxd4 Bxd4 $17) 10... Nxe3 11. fxe3 Nc6) 10. d5 $14 Qb6 11. Qc2 (11. Nxa4 Qa5+ 12. Nc3 Bxc3+ 13. bxc3 Qxc3+ 14. Kf1 Ne5 $15 (14... Rxa3 15. Rxa3 Qxa3 16. Kg2 $15)) (11. Qc1 $14) 11... Bd4 (11... f5 $11) 12. Bd2 (12. Nxa4 Rxa4 13. Bxd4 cxd4 $17) (12. Nf3 $1 $16) 12... f5 $11 13. gxf6 $1 (13. Nxa4 $2 Rxa4 14. Rb1 (14. Qxa4 $2 Qxb2 15. Rd1 fxe4 $19) 14... Qa7 $19) 13... Nxf6 14. f4 (14. Nf3 $11 {keeps the balance.}) 14... Qb3 $17 15. Bd3 Nh5 $36 {[%emt 0:00:46][%mdl 2048] Black is pushing.} 16. Nge2 Bg4 17. f5 (17. Qxb3 $11 axb3 18. Nxd4 cxd4 19. Nb5) 17... Bf3 $2 ({Black should try} 17... Nd7 $17 18. O-O-O Ne5) 18. Rf1 $11 Bg2 (18... Qxc2 $11 19. Bxc2 Bg2) 19. Nxd4 ({Better is} 19. Rf2 $1 $14 Bxf2+ 20. Kxf2) 19... cxd4 20. Qxb3 (20. Rg1 $1 $11 dxc3 21. Bxc3 Qxc2 22. Bxc2) 20... axb3 $15 21. Rf2 dxc3 22. Bxc3 Bh3 23. Kd2 Nd7 (23... g5 $1 $17 {White must now prevent ...Nd7.} 24. Rg1 g4 (24... h6 $2 25. Rf3 $18)) 24. Rg1 $11 Ne5 {[%emt 0:00:06] Dodges Rf3} 25. Bxe5 $1 dxe5 26. Rf3 $1 Nf4 27. Rgg3 $1 Rf6 28. Rxh3 Nxh3 29. Rxh3 {[%emt 0:00:02][%mdl 4096] Endgame KRR-KRB} b6 30. Kc3 Kg7 31. Kxb3 gxf5 32. exf5 Rh6 33. Rxh6 Kxh6 $14 {[%emt 0:00:01] KR-KB} 34. Kb4 Kg5 35. Kb5 Kf4 36. Kxb6 e4 37. Bf1 (37. Kb7 $2 exd3 38. Kxa8 d2 $19 (38... Kxf5 $2 39. b4 $19)) 37... Ke5 $1 (37... Rb8+ $2 38. Kc7 Rf8 (38... Rxb2 $2 39. f6 $18) 39. c5 $18) 38. Kb7 {[%emt 0:01:16] Repels Rb8+} Rf8 (38... Ra5 $1 $11 {and Black stays safe.}) 39. c5 $1 $18 Rxf5 {[%emt 0:00:02] [#]} 40. Ba6 {[%emt 0:00:48] and c6 would now be decisive} Rf2 $2 (40... Rf7) 41. b4 Rf7 {[%emt 0:10:51] [#]} 42. c6 $2 (42. b5 $1 $18) 42... e6+ $14 43. Kb6 {[%emt 0:00:05] The position is equal.} Kd6 44. dxe6 Rc7 {[%emt 0:00:01] [#]} 45. e7 $1 Rxe7 (45... Rxc6+ $2 {is the wrong capture.} 46. Kb5 Rxa6 47. e8=Q $18 (47. e8=R Rxa3 48. Rxe4 Rh3 $16)) 46. Be2 Re8 47. b5 Rb8+ 48. Ka7 Kc7 49. a4 Rf8 50. a5 e3 51. Bh5 Rf5 52. Be2 Rf8 ({Avoid the trap} 52... Rf2 $2 53. b6+ Kxc6 54. b7 $18) 53. Bg4 Rf7 54. Bh5 Rf5 {[%emt 0:00:08][%cal Of5b5] ( -> ...Rxb5!)} 55. Be2 {[%emt 0:00:07] Weighted Error Value: White=0.25 (precise) /Black=0.35  Loses game:     	---       	Black=1      Mistake:       	White=7     	Black=6      Inaccurate:     	White=1     	---        OK:         	White=18    	Black=20     Best:        	White=5     	Black=5      Strong:       	White=5     	Black=1} 1/2-1/2

[Event "EICC 2025"]
[Site "Eforie-Nord"]
[Date "2025.03.16"]
[Round "2.10"]
[White "Yuffa, Daniil"]
[Black "Csonka, Balazs"]
[Result "1-0"]
[Annotator "TA"]
[ECO "A14"]
[WhiteElo "2654"]
[BlackElo "2473"]
[PlyCount "113"]
[EventDate "2025.03.14"]
[EventType "swiss"]
[EventCountry "ROU"]
[SourceTitle "playchess.com"]
[Source "ChessBase"]
[SourceQuality "1"]
[TimeControl "40/5400+30:1800+30"]

1. c4 e6 2. g3 d5 3. Bg2 Nf6 4. Nf3 Be7 5. O-O O-O 6. d3 c5 7. Ne5 {[%emt 0:00:28] A14: English Opening: 1...e6 with b3 by White.} Qc7 8. f4 Rd8 9. Nc3 {[%emt 0:01:03] The position is equal.} a6 {[%emt 0:03:54] Prevents Nb5} 10. g4 $146 (10. Qe1 b5 11. cxb5 axb5 12. Nxb5 Qb6 13. a4 Ba6 14. Bd2 Bxb5 15. axb5 Rxa1 16. Qxa1 Qxb5 {½-½ Yu,Y (2720)-Giri,A (2762) Shenzhen Longgang 5th 2024 (7)}) 10... d4 11. Ne4 Nxe4 12. Bxe4 Nd7 (12... f6 $5 13. Nf3 $8 Bd7 $15) 13. Qe1 (13. Bxh7+ $2 Kxh7 14. Nf3 (14. Nxf7 $2 Rf8 $19) 14... Rh8 $19) 13... Nxe5 14. fxe5 Bd7 $1 (14... Qxe5 $2 15. Bf4 $18) 15. Qf2 Rf8 16. Qg2 Bc6 $1 (16... Qxe5 $2 {perishes.} 17. Bf4 $18) 17. Bxc6 Qxc6 18. Qxc6 bxc6 19. b3 Rfb8 20. Kg2 h6 21. Kg3 a5 22. h4 a4 23. bxa4 Rxa4 24. h5 Kf8 25. Kf3 Ke8 26. Rg1 Kf8 {[%emt 0:07:17] [#] Black is now going downhill.} (26... Kd7 $1 $11 {and Black has nothing to worry.}) 27. g5 $1 $18 Bxg5 28. Bxg5 hxg5 29. Rxg5 $16 {[%emt 0:00:13][%mdl 4096] Endgame KRR-KRR} Rba8 (29... Rb2 $16) 30. Rag1 $18 Ke7 31. Rxg7 {[%emt 0:00:28] [#]} Rh8 32. Rb1 Rb4 33. Rxb4 cxb4 {[%emt 0:00:07] KR-KR. White is a pawn up.} 34. Kg4 Kf8 35. Rg5 c5 36. Kh4 Ke7 37. Rg1 Kf8 38. Rg3 Ke7 39. Rg2 Kf8 40. Rg3 Ke7 41. Kg5 Rg8+ 42. Kf4 Rh8 43. Rh3 Kf8 44. h6 Kg8 45. e3 dxe3 46. Kxe3 Kh7 47. Rf3 Ra8 $2 (47... Rf8 48. d4 Kxh6 49. dxc5 Kg6) 48. Rxf7+ {[%emt 0:00:08] White is clearly winning.} Kxh6 49. Rf6+ Kg5 50. Rxe6 Kf5 51. Rc6 Ra5 52. e6 Kf6 53. Ke4 {[%emt 0:01:22] Black must now prevent Kd5.} Rxa2 54. Rxc5 Kxe6 55. Rb5 Rb2 56. Kd4 Kd6 57. c5+ {[%emt 0:00:40] Weighted Error Value: White=0.11 (very precise) /Black=0.35  Mistake:       	---       	Black=3      Inaccurate:     	---       	Black=2      OK:         	White=16    	Black=15     Best:        	White=4     	Black=2      Strong:       	White=1     	Black=2} 1-0

[Event "EICC 2025"]
[Site "Eforie-Nord"]
[Date "2025.03.16"]
[Round "2.10"]
[White "Pasztor, Balazs"]
[Black "Ahmadzada, Ahmad"]
[Result "1/2-1/2"]
[Annotator "ChessBase"]
[ECO "B30"]
[WhiteElo "2407"]
[BlackElo "2550"]
[PlyCount "34"]
[EventDate "2025.03.14"]
[EventType "swiss"]
[EventCountry "ROU"]
[SourceTitle "playchess.com"]
[Source "ChessBase"]
[SourceQuality "1"]
[TimeControl "40/5400+30:1800+30"]

1. e4 c5 2. Nf3 Nc6 3. Bb5 Nf6 4. e5 Nd5 5. Nc3 Nc7 6. Bxc6 dxc6 7. h3 Bf5 8. d3 h6 9. O-O c4 10. dxc4 Qxd1 11. Rxd1 Bxc2 12. Rd2 Bg6 13. b3 e6 14. Bb2 Na6 15. Rad1 Rc8 16. a3 Be7 17. b4 Nb8 1/2-1/2